 Dungeon Crawl Stone Soup version 0.28-a0-1613-gdaab1c2f9b (webtiles) character file.

Game seed: 18180031781702678014

44 a3don the Stinger (level 3, -2/24 HPs)
             Began as a Demonspawn Venom Mage on Jan 22, 2022.
             Killed by divine providence
             ... invoked by an orc priest
              (16 damage)
             ... on level 3 of the Dungeon.
             The game lasted 00:04:26 (2632 turns).

a3don the Stinger (Demonspawn Venom Mage)           Turns: 2632, Time: 00:04:26

Health: -2/24      AC:  3    Str:  8    XL:     3   Next: 41%
Magic:  6/6        EV: 12    Int: 18    God:
Gold:   95         SH:  0    Dex: 13    Spells: 3/6 levels left

rFire   . . .      SeeInvis .   i - +0 dagger
rCold   . . .      Faith    .   (no shield)
rNeg    . . .      Spirit   .   a - +0 robe
rPois   +          Reflect  .   g - +0 helmet
rElec   .          Harm     .   (no cloak)
rCorr   .          Rampage  .   (no gloves)
Will    .....                   (no boots)
Stlth   ++........              l - amulet of the acrobat
HPRegen 0.08/turn               b - ring of poison resistance
MPRegen 0.10/turn               (no ring)

@: no status effects
A: demonic magic 1
a: no special abilities


You were on level 3 of the Dungeon.
You visited 1 branch of the dungeon, and saw 3 of its levels.

You collected 117 gold pieces.
You spent 22 gold pieces at shops.

Inventory:

Hand Weapons
 d - a +0 whip
 i - a +0 dagger (weapon)
Missiles
 f - 49 stones
 k - 3 boomerangs (quivered)
Armour
 a - a +0 robe (worn)
 g - a +0 helmet (worn)
Jewellery
 b - a ring of poison resistance (left hand)
 l - an amulet of the acrobat (around neck)
Scrolls
 c - a scroll of blinking {unknown}
 e - 3 scrolls of immolation
 h - a scroll of enchant weapon
 j - 4 scrolls of identify


   Skills:
 + Level 0.0 Short Blades
 - Level 1.7 Dodging
 + Level 1.7 Stealth
 + Level 2.4 Spellcasting
 + Level 1.5 Transmutations
 + Level 1.2 Air Magic
 + Level 3.4 Poison Magic


You had 3 spell levels left.
You knew the following spells:

 Your Spells              Type           Power      Damage    Failure   Level
a - Sting                 Tmut/Pois      44%        1d5       6%          1
b - Poisonous Vapours     Pois/Air       20%        N/A       10%         2

Your spell library contained the following spells:

 Spells                   Type           Power      Damage    Failure   Level
 Mephitic Cloud           Conj/Pois/Air  7%         N/A       26%         3
 Olgreb's Toxic Radiance  Pois           14%        N/A       38%         4
 Leda's Liquefaction      Hex/Erth       1%         N/A       86%         4
 Lee's Rapid Deconstruct  Erth           1%         3d5*      99%         5
 Statue Form              Tmut/Erth      2%         N/A       100%        6


Dungeon Overview and Level Annotations

Branches:
Dungeon (3/15)

Altars:

Shops:
D:1 ?


Innate Abilities, Weirdness & Mutations

Spells you cast may paralyse adjacent enemies.


Message History

The bat misses you.
Casting: Sting (safe; 6% risk of failure)
Confirm with . or Enter, or press ? or * to list all spells.
Aiming: Sting (safe; 6% risk of failure)
Press: ? - help, Shift-Dir - straight line, f - bat
Aim: a bat (57% to hit)
The sting hits the bat.
The bat is poisoned.
The bat is moderately wounded.
Malevolent energies surge around you.
The bat suddenly stops moving!
The helpless bat fails to defend itself.
You hit the bat.
You kill the bat!
Done exploring.
Done exploring.
Done exploring.
(D) Dungeon
Where to? (Enter - D:3, ? - help)
You see here a +0 robe.
You see here a +0 dagger.
There is a stone staircase leading down here.
You climb downwards.
There is a stone staircase leading up here.
Found a stone staircase leading down.
There is a stone staircase leading down here.
An endoplasm comes into view.
A shadow imp comes into view.
The shadow imp shouts, "Begone, thou droning beetle-headed snaffler!"
You hear a shout!
The endoplasm quivers.
An orc priest comes into view. It is wielding a +0 whip.
The orc priest shouts!
You hear a shout! x2
You hit the endoplasm but do no damage.
The orc priest invokes the aid of Beogh against you.
Pain shoots through your body!
A hobgoblin comes into view.
You hit the endoplasm but do no damage.
The orc priest calls down the wrath of Beogh upon you.
Beogh smites you!
Ouch! That really hurt!
You die...

....####
..g..####...#..#
.....##....#..#
.o..##....#..#
...##....#<.#
..####.>##.#
#5##.......#
#.####.##.#######
#....J@...#
#..########


You could see an orc priest, a shadow imp, an endoplasm and a hobgoblin.

Vanquished Creatures
  An adder (D:2)
  2 worms (D:2)
  2 ball pythons
  4 endoplasms
  3 giant cockroaches
  2 goblins
  4 hobgoblins
  3 bats (D:2)
  2 frilled lizards
  2 kobolds
  2 rats (D:2)
27 creatures vanquished.

Notes
Turn   | Place    | Note
-------+----------+-------------------------------------------
     0 | D:1      | a3don the Demonspawn Venom Mage began the quest for the
                  | Orb.
     0 | D:1      | Reached XP level 1. HP: 13/13 MP: 3/3
   109 | D:1      | Reached skill level 1 in Transmutations
   813 | D:1      | Gained mutation: Spells you cast may paralyse adjacent
                  | enemies. [demonic ancestry]
   813 | D:1      | Reached XP level 2. HP: 18/19 MP: 0/5
  1361 | D:1      | Found Abrucian's Magic Scroll Shop.
  1369 | D:1      | Bought a scroll of identify for 22 gold pieces
  1566 | D:2      | Found a faded altar of an unknown god.
  1598 | D:2      | Learned a level 2 spell: Poisonous Vapours
  1779 | D:2      | Reached skill level 1 in Air Magic
  1838 | D:2      | Reached XP level 3. HP: 2/24 MP: 2/6
  2632 | D:3      | Killed from afar by an orc priest

Illustrated notes

Levels and vault maps discovered:
D:1:      evilmike_arrival_fibonacci_small, layout_basic, serial_shops,
          nicolae_shop_waterfront
D:2:      layout_basic, shapermc_ecumenical_altar_starsandcircs,
          amcnicky_mini_rare_corridor_liquid
D:3:      layout_basic, mainiacjoe_overflow_boulevard,
          nicolae_shop_unique_rings, nrook_mini_backslash, minmay_quadrilaterals

Skill      XL: |  1  2 |
---------------+-------+-----
Transmutations | 1 |  1.5
Air Magic      | 1 |  1.2
Dodging        | |  1.7
Stealth        | |  1.7
Spellcasting   | |  2.4
Poison Magic   | |  3.4

Action                   || total
-------------------------++-------
Melee: Whip              ||     4
       Unarmed           ||     1
       Dagger            ||    31
Throw: Boomerang         ||     1
 Cast: Sting             ||    37
       Poisonous Vapours ||     4
  Use: Scroll            ||     2
       Potion            ||     1
 Stab: Paralysed         ||     6
       Sleeping          ||     1
Armor: Robe              ||    11
Dodge: Dodged            ||    37

Table legend: (Time is in decaauts)
 A = Elapsed time spent in this place.
 B = Non-inter-level travel time spent in this place.
 C = Inter-level travel time spent in this place.
 D = Time resting spent in this place.
 E = Time spent auto-exploring this place.
 F = Levels seen in this place.
 G = Mean time per level.
                   A        B        C        D        E       F      G
               +--------+--------+--------+--------+--------+-----+--------+
         Total |   2632 |   2410 |    222 |     73 |   2053 |   3 |  877.3 |
       Dungeon |   2632 |   2410 |    222 |     73 |   2053 |   3 |  877.3 |
               +--------+--------+--------+--------+--------+-----+--------+

Top non-repeatable levels by time:
     D:1: 1477 daAuts
     D:2: 1141 daAuts
     D:3: 13 daAuts
